 Dungeon Crawl Stone Soup version 0.17-a0-1020-ge683cc4 (webtiles) character file.

2374 Trixu the Covert (level 9, -8/44 HPs)
             Began as a Spriggan Assassin on May 14, 2015.
             Was a Follower of Dithmenos.
             Shot with an arrow by a centaur (10 damage)
             ... on level 5 of the Dungeon.
             The game lasted 00:54:40 (7669 turns).

Trixu the Covert (Spriggan Assassin)                Turns: 7669, Time: 00:54:41

Health: -8/44      AC:  3    Str:  7    XL:     9   Next: 21%
Magic:  10/10      EV: 27    Int: 12    God:    Dithmenos [*.....]
Gold:   211        SH:  0    Dex: 21    Spells: 0 memorised, 8 levels left

rFire  + + .     SeeInvis +     a - +3 dagger
rCold  . . .     Clarity  .     c - +0 robe
rNeg   + . .     SustAb   .     (shield restricted)
rPois  +         Gourm    .     (helmet restricted)
rElec  .         Spirit   .     d - +0 cloak
rCorr  .         Warding  .     (gloves unavailable)
rMut   .         NoTele   +     (boots unavailable)
MR     +....                    (no amulet)
Stlth  ++++++++..               f - ring "Louvon" {-Tele rPois rF+ rN+ Stlth+}
                                g - ring of protection from fire

@: wreathed by umbra, very quick, somewhat resistant to hostile enchantments,
extraordinarily stealthy
A: unfitting armour, see invisible, herbivore 3, speed 3, slow metabolism 2
a: Renounce Religion


You were on level 5 of the Dungeon.
You worshipped Dithmenos.
Dithmenos was aware of your devotion.
You were full.

You visited 1 branch of the dungeon, and saw 6 of its levels.

You collected 301 gold pieces.
You spent 90 gold pieces at shops.

Inventory:

Hand weapons
 a - a +3 dagger (weapon)
 b - a +0 blowgun
 i - a +0 dagger
 o - a +0 dagger
Missiles
 e - 45 poisoned needles
Armour
 c - a +0 robe (worn)
 d - a +0 cloak (worn)
Jewellery
 f - the ring "Louvon" (right hand) {-Tele rPois rF+ rN+ Stlth+}
   (You bought it in a shop on level 5 of the Dungeon)

   [ring of poison resistance]

   It protects you from fire.
   It protects you from poison.
   It protects you from negative energy.
   It prevents most forms of teleportation.
   It makes you more stealthy.
 g - a ring of protection from fire (left hand)
Magical devices
 l - a wand of random effects (18)
 s - a wand of enslavement (0)
 t - a wand of polymorph (10)
Scrolls
 h - a scroll of teleportation
 j - a scroll of remove curse
 p - 2 scrolls of amnesia
Potions
 n - a potion of flight
 q - 2 potions of curing
 r - a potion of mutation {unknown}
Comestibles
 k - 2 bread rations
 m - a fruit


   Skills:
 + Level 3.3 Fighting
 + Level 3.8 Short Blades
 + Level 7.0 Throwing
 + Level 8.9 Dodging
 + Level 12.1 Stealth


You had 8 spell levels left.
You didn't know any spells.

Dungeon Overview and Level Annotations

Branches:
Dungeon (6/15)
 Temple: D:4-7

Altars:
Dithmenos
Fedhas
Kikubaaqudgha
Qazlal
Ru
Sif Muna

Shops:
D:5 *


Innate Abilities, Weirdness & Mutations

You are tiny and cannot use many weapons and most armour.
You have supernaturally acute eyesight.
You are a herbivore.
You cover ground extremely quickly.
You need consume almost no food.


Message History

The black bear completely misses you. The black bear misses you.
The black bear closely misses you. The centaur completely misses you.
You barely miss the centaur.
The centaur is severely wounded.
The black bear bites you! The black bear completely misses you.
The black bear misses you. The black bear completely misses you.
The black bear claws you. The black bear closely misses you.
You hit the centaur.
The centaur is almost dead.
The centaur completely misses you. The black bear bites you!
* * * LOW HITPOINT WARNING * * *
The black bear completely misses you. The black bear claws you.
* * * LOW HITPOINT WARNING * * *
The centaur shoots an arrow.
The arrow completely misses you.
Press: ? - help, v - describe, . - travel
Here: a black bear (almost dead, berserk, fast, unusually strong, umbra)
The floor, spattered with blood.
You see here an arrow.
The centaur shoots an arrow.
The arrow hits you!
You die...

#####....# #.#.# #####
###'## #####.#........
###'####.....# #......
# #......#.....'
'...... .
#......#.....###....
#...)..# .........#
#..(...# #......#
###(#### #......#
.#### #(# #####@.....#
..... #c#
#...(......###########
#h#
#...h.............(...
#.#
#.....######..########
#.# #....(# ##.# #####
#.####c....#
###..###..[##
#..........#
#....##[...)#
#....(..####
##....#......)
#.......#
#..)..#.......


You could see a black bear (berserk) and a centaur.

Vanquished Creatures
  A hill giant (D:5)
  Pikel (D:4)
  Sigmund (D:2)
  Edmund (D:4)
  A slave (D:4)
  An ogre (D:5)
  Blork the orc (D:4)
  3 centaurs (D:5)
  A giant frog (D:5)
  A scorpion (D:4)
  The ghost of Postman the Grasshopper, a weakling DsWr (D:3)
  3 hounds
  3 orc priests
  3 orc wizards
  Terence (D:2)
  Natasha (thrice) (D:3)
  An iguana (D:4)
  3 worker ants
  4 adders
  2 shadow imps (D:5)
  2 oozes
  An adder zombie (D:5)
  2 worms
  7 giant geckos
  26 orcs
  11 bats
  A bat skeleton (D:5)
  5 giant cockroaches
  13 hobgoblins
  3 jackals (D:5)
  3 kobolds
  2 quokkas
  3 ball pythons
  3 giant newts
  6 goblins
  11 rats
135 creatures vanquished.

Vanquished Creatures (others)
  A slave (D:4)
1 creature vanquished.

Grand Total: 136 creatures vanquished

Notes
Turn   | Place    | Note
--------------------------------------------------------------
     0 | D:1      | Trixu the Spriggan Assassin began the quest for the Orb.
     0 | D:1      | Reached XP level 1. HP: 10/10 MP: 2/2
   114 | D:1      | Reached skill level 6 in Stealth
   528 | D:1      | Reached XP level 2. HP: 14/14 MP: 3/3
  1083 | D:2      | Noticed Terence
  1125 | D:2      | Killed Terence
  1125 | D:2      | Reached skill level 7 in Stealth
  1125 | D:2      | Reached XP level 3. HP: 9/18 MP: 4/4
  1282 | D:2      | Noticed Sigmund
  1313 | D:2      | Killed Sigmund
  1313 | D:2      | Reached skill level 8 in Stealth
  1313 | D:2      | Reached XP level 4. HP: 23/23 MP: 5/5
  1313 | D:2      | Reached XP level 5. HP: 26/26 MP: 6/6
  1412 | D:2      | Found a deep blue altar of Sif Muna.
  1890 | D:2      | Reached skill level 9 in Stealth
  2309 | D:3      | Noticed Natasha
  2310 | D:3      | Killed Natasha
  2348 | D:3      | Found a blossoming altar of Fedhas.
  2806 | D:3      | Reached XP level 6. HP: 30/30 MP: 7/7
  2823 | D:3      | Noticed Postman's ghost (weakling DsWr)
  3467 | D:3      | Noticed Natasha
  3475 | D:3      | Killed Natasha
  3686 | D:3      | Killed Postman's ghost
  3876 | D:3      | Found an ancient bone altar of Kikubaaqudgha.
  3913 | D:3      | Noticed Natasha
  3918 | D:3      | Killed Natasha
  4470 | D:4      | Found a stormy altar of Qazlal.
  4594 | D:4      | Reached skill level 1 in Short Blades
  4610 | D:4      | Reached skill level 10 in Stealth
  4710 | D:4      | Reached XP level 7. HP: 35/35 MP: 8/8
  4767 | D:4      | You fall through a shaft!
  4767 | D:5      | Entered Level 5 of the Dungeon
  4922 | D:4      | Found a sacrificial altar of Ru.
  4965 | D:4      | Reached skill level 5 in Dodging
  5199 | D:4      | Noticed Blork the orc
  5203 | D:4      | Noticed Pikel
  5240 | D:4      | Killed Blork the orc
  5298 | D:4      | Killed Pikel
  5298 | D:4      | Reached skill level 5 in Throwing
  5298 | D:4      | Reached skill level 11 in Stealth
  5298 | D:4      | Reached XP level 8. HP: 12/39 MP: 9/9
  5575 | D:4      | Found a shadowy altar of Dithmenos.
  5579 | D:4      | Noticed Edmund
  5582 | D:4      | Became a worshipper of Dithmenos the Shadowed
  5619 | D:4      | Killed Edmund
  6388 | D:5      | Noticed a hill giant
  6395 | D:5      | Killed a hill giant
  6894 | D:5      | Reached XP level 9. HP: 44/44 MP: 10/10
  7272 | D:5      | Found Wiahink's Assorted Antiques.
  7324 | D:5      | Bought a transparent lead ring for 90 gold pieces
  7324 | D:5      | Identified the ring "Louvon" {-Tele rPois rF+ rN+ Stlth+} (You bought it in a shop on level 5 of the Dungeon)
  7504 | D:5      | Reached skill level 12 in Stealth
  7664 | D:5      | HP: 1/44 [black bear (3)]
  7669 | D:5      | Shot with an arrow by a centaur

Vault maps used:
D:1:      nagdon_arrival_zigzag_paths
D:2:      led_sif_pool, uniq_sigmund, uniq_terence
D:3:      fedhas_altar_2, nicolae_overflow_hidden_temple, first_bread,
          portal_sewer_entry_b, uniq_natasha
D:4:      lemuel_round_altar, lemuel_round_altar, grunt_qazlal_clouds,
          uniq_pikel, uniq_edmund, uniq_blork_the_orc
D:5:      minmay_opposing_rooms, serial_shops, shop
D:6:      minmay_temple_entry_glass, minmay_misc_feat_four_crosses,
          minmay_misc_feat_room, minmay_ogre_servants, uniq_duvessa

Action                   |  1- 3 |  4- 6 |  7- 9 || total
-------------------------+-------+-------+-------++-------
Melee: Dagger            |    35 |   170 |   180 ||   385
 Fire: Blowgun           |    11 |    31 |    47 ||    89
  Use: Potion            |     2 |     3 |       ||     5
       Scroll            |       |     7 |       ||     7
 Stab: Sleeping          |     5 |    15 |     8 ||    28
       Distracted        |       |     3 |     4 ||     7
  Eat: Bread ration      |       |     1 |       ||     1
       Pizza             |       |     1 |       ||     1
       Fruit             |       |     1 |       ||     1
